3R
ATHLETIC CLUB KC U-21 @ BOMPTON BABY LAKERS
08/10/2041
 
TOP OF THE 1ST
Athletic Club KC U-21 batting - Pitching for Bompton Baby Lakers : LHP Guo-ning Wang
Pitching: LHP Guo-ning Wang
Batting: SHB Tosya Mndoyants 0-0: Ball
1-0: Ground out 5-3 (Groundball, 5L, EV 87.5 MPH)
Batting: RHB Pedro Píaz 0-0: Ball
1-0: Called Strike
1-1: Ball
2-1: Ball
3-1: Base on Balls
Batting: SHB Benedito Ahulani 0-0: Ball
1-0: Swinging Strike
1-1: Foul Ball, location: 2F
1-2: Grounds into double play, 6-4-3 (Groundball, 56, EV 101.2 MPH)
Top of the 1st over - 0 runs, 0 hits, 0 errors, 0 left on base; Athletic Club KC 0 - Bompton 0
BOTTOM OF THE 1ST
Bompton Baby Lakers batting - Pitching for Athletic Club KC U-21 : RHP Joel Woodard
Pitching: RHP Joel Woodard
Batting: LHB Júlio Silva 0-0: Called Strike
0-1: Ball
1-1: Ball
2-1: Ground out 6-3 (Groundball, 6M, EV 96.2 MPH)
Batting: RHB David Taylor 0-0: Ball
1-0: Ball
2-0: Swinging Strike
2-1: Ball
3-1: TRIPLE (Line Drive, 78XD, EV 108.8 MPH)
Batting: RHB Jochen Nelis 0-0: Called Strike
0-1: Swinging Strike
0-2: Strikes out swinging
Batting: RHB Keaton Sturge 0-0: Ball
1-0: Ball
2-0: Ball
3-0: Called Strike
3-1: Called Strike
3-2: Base on Balls
Batting: RHB Jason Wilson 0-0: Swinging Strike
0-1: Fly out, F9 (Flyball, 9S, EV 73.1 MPH)
Bottom of the 1st over - 0 runs, 1 hit, 0 errors, 2 left on base; Athletic Club KC 0 - Bompton 0
TOP OF THE 2ND
Athletic Club KC U-21 batting - Pitching for Bompton Baby Lakers : LHP Guo-ning Wang
Batting: RHB David Bosingwa 0-0: Called Strike
0-1: Called Strike
0-2: Strikes out swinging
Batting: LHB Ramiro Curran 0-0: Ball
1-0: Ball
2-0: Fly out, F2 (Popup, 25F, EV 85.0 MPH)
Batting: RHB Mitsuoki Imamura 0-0: Fly out, F9 (Flyball, 9D, EV 101.2 MPH)
Top of the 2nd over - 0 runs, 0 hits, 0 errors, 0 left on base; Athletic Club KC 0 - Bompton 0
BOTTOM OF THE 2ND
Bompton Baby Lakers batting - Pitching for Athletic Club KC U-21 : RHP Joel Woodard
Batting: LHB Leonardo Valdéz 0-0: TRIPLE (Groundball, 3L, EV 102.5 MPH)
Batting: RHB Tim Rowland 0-0: Ball
1-0: Fly out, F9 (Flyball, 89S, EV 91.2 MPH)
Batting: RHB Kobbe Elders 0-0: Ball
1-0: Foul Ball, location: 2F
1-1: Ground out 4-3 (Groundball, 4S, EV 88.8 MPH)
Leonardo Valdéz scores
Batting: RHB Guo-liang Hao 0-0: Called Strike
0-1: Ball
1-1: Foul Ball, location: 2F
1-2: Foul Ball, location: 2F
1-2: Fly out, F7 (Flyball, 78S, EV 81.9 MPH)
Bottom of the 2nd over - 1 run, 1 hit, 0 errors, 0 left on base; Athletic Club KC 0 - Bompton 1
TOP OF THE 3RD
Athletic Club KC U-21 batting - Pitching for Bompton Baby Lakers : LHP Guo-ning Wang
Batting: RHB Jake Young 0-0: Ball
1-0: Called Strike
1-1: Called Strike
1-2: Ball
2-2: Ball
3-2: Strikes out swinging, 2-3 out at first.
Batting: RHB Yukinaga Hakui 0-0: Ball
1-0: Called Strike
1-1: Ball
2-1: SINGLE (Line Drive, 9S, EV 96.9 MPH)
Batting: RHB Sam Jones 0-0: Called Strike
0-1: Foul Ball, location: 2F
0-2: Ball
1-2: Ball
2-2: Foul Ball, location: 2F
2-2: Grounds into double play, 6-4-3 (Groundball, 6, EV 96.9 MPH)
Top of the 3rd over - 0 runs, 1 hit, 0 errors, 0 left on base; Athletic Club KC 0 - Bompton 1
BOTTOM OF THE 3RD
Bompton Baby Lakers batting - Pitching for Athletic Club KC U-21 : RHP Joel Woodard
Batting: LHB Júlio Silva 0-0: Swinging Strike
0-1: SINGLE (Flyball, 7LM, EV 85.0 MPH)
Batting: RHB David Taylor 0-0: Ball
1-0: Called Strike
1-1: Ball
2-1: Ball
3-1: Fly out, F9 (Line Drive, 9, EV 90.0 MPH)
Batting: RHB Jochen Nelis 0-0: Ball
Júlio Silva steals 2nd base
1-0: Ball
2-0: Fly out, F1 (Line Drive, P, EV 68.8 MPH)
Batting: RHB Keaton Sturge 0-0: Called Strike
0-1: SINGLE (Groundball, 56D, EV 101.2 MPH)
Júlio Silva to third
Runner from 3rd tries for Home, SAFE, throw by LF to home
Batting: RHB Jason Wilson 0-0: Swinging Strike
0-1: Ball
1-1: Ball
2-1: Swinging Strike
2-2: Fielders Choice at 2nd, 6-4 (Groundball, 6, EV 110.6 MPH)
Bottom of the 3rd over - 1 run, 2 hits, 0 errors, 1 left on base; Athletic Club KC 0 - Bompton 2
TOP OF THE 4TH
Athletic Club KC U-21 batting - Pitching for Bompton Baby Lakers : LHP Guo-ning Wang
Batting: SHB Tosya Mndoyants 0-0: Called Strike
0-1: Ball
1-1: Ball
2-1: Called Strike
2-2: Strikes out swinging, 2-3 out at first.
Batting: RHB Pedro Píaz 0-0: Foul Ball, location: 2F
0-1: Ball
1-1: Swinging Strike
1-2: Ball
2-2: SINGLE (Groundball, 4MD, EV 105.0 MPH)
Batting: SHB Benedito Ahulani 0-0: Fly out, F8 (Line Drive, 8RD, EV 105.0 MPH)
Batting: RHB David Bosingwa 0-0: Called Strike
0-1: Foul Ball, location: 2F
0-2: Ball
1-2: Ground out 5-3 (Groundball, 56S, EV 86.9 MPH)
Top of the 4th over - 0 runs, 1 hit, 0 errors, 1 left on base; Athletic Club KC 0 - Bompton 2
BOTTOM OF THE 4TH
Bompton Baby Lakers batting - Pitching for Athletic Club KC U-21 : RHP Joel Woodard
Batting: LHB Leonardo Valdéz 0-0: Ball
1-0: SINGLE (Line Drive, 56D, EV 106.2 MPH)
Batting: RHB Tim Rowland 0-0: Called Strike
Leonardo Valdéz steals 2nd, throwing error, E2
Leonardo Valdéz to third
0-1: Ball
1-1: Called Strike
1-2: Ground out 5-3 (Groundball, 5S, EV 83.8 MPH)
Batting: RHB Kobbe Elders 0-0: Called Strike
0-1: Foul Ball, location: 2F
0-2: Foul Ball, location: 2F
0-2: Fly out, F7 (Flyball, 7LMF, EV 97.5 MPH)
Runner from 3rd tags up, SCORES, throw by LF
Batting: RHB Guo-liang Hao 0-0: Ball
1-0: Ball
2-0: Ball
3-0: Foul Ball, location: 2F
3-1: Base on Balls
Batting: LHB Júlio Silva 0-0: Swinging Strike
0-1: Ball
1-1: Ball
2-1: Ball
3-1: Foul Ball, location: 2F
3-2: Foul Ball, location: 2F
3-2: Foul Ball, location: 2F
3-2: Ground out 4-3 (Groundball, 4S, EV 68.1 MPH)
Bottom of the 4th over - 1 run, 1 hit, 1 error, 1 left on base; Athletic Club KC 0 - Bompton 3
TOP OF THE 5TH
Athletic Club KC U-21 batting - Pitching for Bompton Baby Lakers : LHP Guo-ning Wang
Batting: LHB Ramiro Curran 0-0: Ball
1-0: Called Strike
1-1: Fly out, F8 (Flyball, 89D, EV 96.9 MPH)
Batting: RHB Mitsuoki Imamura 0-0: Ball
1-0: Foul Ball, location: 2F
1-1: Swinging Strike
1-2: Strikes out swinging
Batting: RHB Jake Young 0-0: Called Strike
0-1: Ball
1-1: SINGLE (Flyball, 56D, EV 98.1 MPH)
Batting: RHB Yukinaga Hakui 0-0: Ball
1-0: Ball
2-0: Swinging Strike
2-1: Foul Ball, location: 2F
2-2: Strikes out looking
Top of the 5th over - 0 runs, 1 hit, 0 errors, 1 left on base; Athletic Club KC 0 - Bompton 3
BOTTOM OF THE 5TH
Bompton Baby Lakers batting - Pitching for Athletic Club KC U-21 : RHP Joel Woodard
Batting: RHB David Taylor 0-0: Ball
1-0: Foul Ball, location: 2F
1-1: Foul Ball, location: 2F
1-2: Ground out 1-3 (Groundball, 13S, EV 63.8 MPH)
Batting: RHB Jochen Nelis 0-0: Ball
1-0: Ground out U3 (Groundball, 34S, EV 63.8 MPH)
Batting: RHB Keaton Sturge 0-0: Ball
1-0: Ball
2-0: Fly out, F8 (Flyball, 8RD, EV 79.4 MPH)
Bottom of the 5th over - 0 runs, 0 hits, 0 errors, 0 left on base; Athletic Club KC 0 - Bompton 3
TOP OF THE 6TH
Athletic Club KC U-21 batting - Pitching for Bompton Baby Lakers : LHP Guo-ning Wang
Batting: RHB Sam Jones 0-0: Ball
1-0: Ball
2-0: Called Strike
2-1: Foul Ball, location: 2F
2-2: Strikes out swinging
Batting: SHB Tosya Mndoyants 0-0: Ball
1-0: Ball
2-0: Ball
3-0: Base on Balls
Batting: RHB Pedro Píaz 0-0: Swinging Strike
0-1: Ball
1-1: Ball
2-1: Ball
3-1: Grounds into double play, 6-4-3 (Groundball, 6, EV 91.2 MPH)
Top of the 6th over - 0 runs, 0 hits, 0 errors, 0 left on base; Athletic Club KC 0 - Bompton 3
BOTTOM OF THE 6TH
Bompton Baby Lakers batting - Pitching for Athletic Club KC U-21 : RHP Joel Woodard
Batting: RHB Jason Wilson 0-0: Swinging Strike
0-1: Ball
1-1: Fly out, F8 (Flyball, 8RS, EV 75.0 MPH)
Batting: LHB Leonardo Valdéz 0-0: Ball
1-0: Called Strike
1-1: Swinging Strike
1-2: Ball
2-2: Fly out, F8 (Flyball, 8RS, EV 81.9 MPH)
Batting: RHB Tim Rowland 0-0: Called Strike
0-1: Called Strike
0-2: Strikes out looking
Bottom of the 6th over - 0 runs, 0 hits, 0 errors, 0 left on base; Athletic Club KC 0 - Bompton 3
TOP OF THE 7TH
Athletic Club KC U-21 batting - Pitching for Bompton Baby Lakers : LHP Guo-ning Wang
Now at 2B: Marvin Russell
Batting: SHB Benedito Ahulani 0-0: SINGLE (Line Drive, 4MD, EV 99.4 MPH)
Batting: RHB David Bosingwa 0-0: SINGLE (Line Drive, 6D, EV 103.8 MPH)
Benedito Ahulani to second
Batting: LHB Ramiro Curran 0-0: Ball
1-0: Fly out, F8 (Line Drive, 8RM, EV 93.8 MPH)
Batting: RHB Mitsuoki Imamura 0-0: Ball
1-0: SINGLE (Line Drive, 89S, EV 106.9 MPH)
Benedito Ahulani to third
David Bosingwa to second
Pinch Hitting: RHB Maxime Anderson 0-0: Ball
1-0: Fly out, F8 (Flyball, 8LS, EV 84.4 MPH)
Runner from 3rd tags up, SCORES, throw by CF
Batting: RHB Yukinaga Hakui 0-0: SINGLE (Groundball, 6D, EV 116.2 MPH)
David Bosingwa to third
Mitsuoki Imamura to second
Runner from 3rd tries for Home, SAFE, throw by CF to home
Batting: RHB Sam Jones 0-0: Called Strike
0-1: Fly out, F4 (Flyball, 34D, EV 82.5 MPH)
Top of the 7th over - 2 runs, 4 hits, 0 errors, 2 left on base; Athletic Club KC 2 - Bompton 3
BOTTOM OF THE 7TH
Bompton Baby Lakers batting - Pitching for Athletic Club KC U-21 : RHP Joel Woodard
Pitching: LHP Keiran Dalley
Now at 1B: Chiel Vreke
Batting: RHB Kobbe Elders 0-0: Called Strike
0-1: Called Strike
0-2: Strikes out swinging
Batting: RHB Guo-liang Hao 0-0: Called Strike
0-1: Foul Ball, location: 2F
0-2: Ball
1-2: Ball
2-2: Ball
3-2: Foul Ball, location: 2F
3-2: Strikes out swinging
Batting: LHB Júlio Silva 0-0: Called Strike
0-1: Ball
1-1: Ball
2-1: Ball
3-1: Foul Ball, location: 2F
3-2: SINGLE (Groundball, 56D, EV 98.1 MPH)
Batting: RHB David Taylor 0-0: Foul Ball, location: 2F
0-1: Ball
Wild Pitch!
Júlio Silva to second
1-1: Foul Ball, location: 2F
1-2: Strikes out looking
Bottom of the 7th over - 0 runs, 1 hit, 0 errors, 1 left on base; Athletic Club KC 2 - Bompton 3
TOP OF THE 8TH
Athletic Club KC U-21 batting - Pitching for Bompton Baby Lakers : LHP Guo-ning Wang
Batting: SHB Tosya Mndoyants 0-0: Swinging Strike
0-1: Ball
1-1: Ball
2-1: Called Strike
2-2: Foul Ball, location: 2F
2-2: Ball
3-2: Foul Ball, location: 2F
3-2: SINGLE (Groundball, 6MD, EV 100.6 MPH)
Pitching: LHP Pat Pierce
Batting: RHB Pedro Píaz 0-0: Bunted foul
0-1: Called Strike
0-2: Strikes out swinging
Batting: SHB Benedito Ahulani 0-0: Ball
1-0: Called Strike
1-1: Fly out, F7 (Flyball, 7, EV 89.4 MPH)
Batting: RHB David Bosingwa 0-0: Called Strike
0-1: Ball
Tosya Mndoyants is caught stealing 2nd base 2-4
Top of the 8th over - 0 runs, 1 hit, 0 errors, 0 left on base; Athletic Club KC 2 - Bompton 3
BOTTOM OF THE 8TH
Bompton Baby Lakers batting - Pitching for Athletic Club KC U-21 : LHP Keiran Dalley
Batting: RHB Jochen Nelis 0-0: Ball
1-0: Ball
2-0: Ball
3-0: Called Strike
3-1: Base on Balls
Batting: RHB Keaton Sturge 0-0: Ball
1-0: Called Strike
1-1: Called Strike
1-2: Strikes out looking
Batting: RHB Jason Wilson 0-0: SINGLE (Flyball, 78S, EV 93.8 MPH)
Jochen Nelis to second
Batting: RHB Marvin Russell 0-0: Ball
1-0: Swinging Strike
1-1: Foul Ball, location: 2F
1-2: Foul Ball, location: 2F
1-2: Foul Ball, location: 2F
1-2: Foul Ball, location: 2F
1-2: Fly out, F3 (Popup, 3SF, EV 81.2 MPH)
Batting: RHB Tim Rowland 0-0: Foul Ball, location: 2F
0-1: Ball
1-1: Swinging Strike
1-2: Fielders Choice at 2nd, 6-4 (Groundball, 56, EV 110.6 MPH)
Bottom of the 8th over - 0 runs, 1 hit, 0 errors, 2 left on base; Athletic Club KC 2 - Bompton 3
TOP OF THE 9TH
Athletic Club KC U-21 batting - Pitching for Bompton Baby Lakers : LHP Pat Pierce
Pitching: RHP Duane Coleman
Batting: RHB David Bosingwa 0-0: Ball
1-0: Ball
2-0: Called Strike
2-1: Ball
3-1: Called Strike
3-2: Ground out 6-3 (Groundball, 6, EV 103.1 MPH)
Batting: LHB Ramiro Curran 0-0: Fly out, F9 (Flyball, 89D, EV 97.5 MPH)
Pinch Hitting: SHB Emílio Jover 0-0: Called Strike
0-1: Ball
1-1: Foul Ball, location: 2F
1-2: Strikes out swinging
Top of the 9th over - 0 runs, 0 hits, 0 errors, 0 left on base; Athletic Club KC 2 - Bompton 3
Tuesday, January 5th, 2021 - OOTP Baseball 20.8 Build 74